 Dungeon Crawl Stone Soup version 0.20.0-4-g10b340a (webtiles) character file.

4188 Larmestyx the Grappler (level 10, 0/90 (92) HPs)
             Began as a Troll Monk on May 26, 2017.
             Was a High Priest of Okawaru.
             Slain by an unseen horror (10 damage)
             ... on level 8 of the Dungeon on May 27, 2017.
             The game lasted 01:26:53 (7469 turns).

Larmestyx the Grappler (Troll Monk)                 Turns: 7469, Time: 01:26:54

HP:   0/90 (92)     AC:  6    Str: 22    XL:     10   Next: 8%
MP:   9/9           EV:  8    Int:  6    God:    Okawaru [*****.]
Gold: 474           SH: 14    Dex: 14    Spells: 9/9 levels left

rFire    . . .     SeeInvis .     - Unarmed
rCold    + . .     Gourm    +   I - +1 large shield {rPois}
rNeg     . . .     Faith    .   a - +1 robe
rPois    +         Spirit   .   (helmet restricted)
rElec    .         Reflect  .   (no cloak)
rCorr    .         Harm     .   (gloves unavailable)
MR       .....                  (boots unavailable)
Stlth    +++.......             k - amulet of regeneration
Regen    1.1/turn               d - ring of stealth
MPRegen  0.2/turn               H - ring of protection from cold

@: about to teleport
A: unfitting armour, claws 3, fast metabolism 3, gourmand, regeneration 1,
shaggy fur 1, tough skin 2
a: Heroism, Finesse, Renounce Religion


You were on level 8 of the Dungeon.
You worshipped Okawaru.
Okawaru was extremely pleased with you.
You were very full.

You visited 2 branches of the dungeon, and saw 9 of its levels.

You collected 474 gold pieces.

Inventory:

Hand Weapons
 n - a cursed -1 flail
 w - a +4 spear
Missiles
 y - 106 stones (quivered)
Armour
 a - a +1 robe (worn)
 I - a +1 large shield of poison resistance (worn)
Jewellery
 d - a ring of stealth (left claw)
 k - an amulet of regeneration (around neck)
 v - an uncursed ring of poison resistance
 B - an uncursed ring of fire
 H - a ring of protection from cold (right claw)
Wands
 i - a wand of acid (7/15)
 m - a wand of confusion (28/48)
 t - a wand of lightning (5/15)
 J - a wand of flame (23/48)
Scrolls
 c - 2 scrolls of enchant armour
 h - a scroll of magic mapping
 o - 2 scrolls of teleportation
 p - 3 scrolls of identify
 r - a scroll of blinking {unknown}
 x - a scroll of recharging
 A - a scroll of fear {unknown}
 C - a scroll of remove curse
Potions
 e - 2 potions of haste
 g - 3 potions of curing
 j - 3 potions of cancellation {unknown}
 l - a potion of agility
 s - 2 potions of mutation {unknown}
 z - a potion of brilliance {unknown}
 G - a potion of heal wounds {unknown}
 K - a potion of ambrosia {unknown}
Books
 u - a book of Frost

   Spells                             Type                      Level
   a - Freeze                         Ice                          1
   b - Throw Frost                    Conjuration/Ice              2
   c - Ozocubu's Armour               Charms/Ice                   3
   d - Throw Icicle                   Conjuration/Ice              4
   e - Summon Ice Beast               Ice/Summoning                4
 F - a book of Conjurations

   Spells                             Type                      Level
   a - Magic Dart                     Conjuration                  1
   b - Searing Ray                    Conjuration                  2
   c - Dazzling Spray                 Conjuration/Hexes            3
   d - Fulminant Prism                Conjuration/Hexes            4
   e - Force Lance                    Conjuration/Translocation    4
   f - Iskenderun's Mystic Blast      Conjuration                  4
Comestibles
 b - 5 bread rations
 f - 7 royal jellies
 q - 5 chunks of flesh
 D - 3 meat rations
 E - 3 fruits


   Skills:
 + Level 4.1 Fighting
 + Level 5.7 Dodging
 - Level 1.1 Stealth
 * Level 1.2 Shields
 + Level 12.5 Unarmed Combat


You had 9 spell levels left.
You didn't know any spells.

Dungeon Overview and Level Annotations

Branches:
Dungeon (8/15)             Temple (1/1) D:4
   Lair: D:8-11

Altars:
Ashenzari
Cheibriados
Dithmenos
Elyvilon
Fedhas
Gozag
Hepliaklqana
Kikubaaqudgha
Makhleb
Nemelex Xobeh
Okawaru
Qazlal
Ru
Sif Muna
Trog
Uskayaw
Vehumet
Xom
Yredelemnul
Zin
The Shining One

Shops:
D:4 =


Innate Abilities, Weirdness & Mutations

You are too large for most types of armour.
You have claws for hands.
Your metabolism is lightning-fast.
You like to eat raw meat.
Your natural rate of healing is unusually fast.
You are covered in fur. (AC +1)
You have very tough skin. (AC +2)


Message History

Something hits you. Something hits you!
There is an open door here.
You closely miss something. You block something's attack. Something hits you.
Something hits you!
* * * LOW HITPOINT WARNING * * *
You claw something! Something hits you.
* * * LOW HITPOINT WARNING * * *
Something hits you!
* * * LOW HITPOINT WARNING * * *
You scratch something. Something hits you.
* * * LOW HITPOINT WARNING * * *
Something hits you but does no damage.
You miss something. Something hits you but does no damage.
You claw something! Something hits you but does no damage.
As you read the scroll of teleportation, it crumbles to dust.
You feel strangely unstable. Something hits you.
* * * LOW HITPOINT WARNING * * *
Something hits you!
You die...

#.......#.......'........######
#.......#######+#........#.....
#........................#.....
#........................#.....
#.................)......##+###
#......[......)..........#.....
#........................#.....
#........................+.....
#.......######@##........#.....
#.......#.......'........#.....
#!......'.......#........##'###
#.......#.......########......#
#.......#.......##.....#......#
#.......#.......##.....#......#
...g.g.#..............#......#
.... #.......##..>..#......# .
... +.......##.....#.......


There were no monsters in sight!

Vanquished Creatures
  Pikel (D:5)
  A yak (D:7)
  3 hogs (D:7)
  A human (D:7)
  Menkaure (D:7)
  A hungry ghost (D:8)
  An orc warrior (D:6)
  2 phantoms
  2 sky beasts
  An ice beast (D:7)
  3 slaves (D:5)
  2 necrophages
  A black bear (D:7)
  An ogre (D:5)
  4 centaurs
  3 bullfrogs
  A scorpion (D:8)
  4 wights (D:6)
  4 crimson imps
  A quasit (D:7)
  A bullfrog zombie (D:5)
  A hound (D:5)
  3 orc priests
  A centaur zombie (D:6)
  2 jellies
  11 orc wizards
  3 iguanas
  7 worker ants
  A howler monkey zombie (D:7)
  10 adders
  3 gnolls (D:4)
  3 shadow imps
  An ooze (D:4)
  An adder skeleton (D:8)
  A worm (D:3)
  A dart slug (D:3)
  7 leopard geckos
  29 orcs
  6 bats
  3 giant cockroaches
  6 hobgoblins
  3 quokkas
  2 ball pythons
  4 frilled lizards
  5 goblins
  A jackal skeleton (D:7)
  A jackal zombie (D:7)
  5 kobolds
  A leopard gecko skeleton (D:7)
  8 rats
169 creatures vanquished.

Vanquished Creatures (others)
  A slave (D:5)
1 creature vanquished.

Grand Total: 170 creatures vanquished

Notes
Turn   | Place    | Note
-------+----------+-------------------------------------------
     0 | D:1      | Larmestyx the Troll Monk began the quest for the Orb.
     0 | D:1      | Reached XP level 1. HP: 22/22 MP: 0/0
   584 | D:1      | Reached XP level 2. HP: 28/29 MP: 1/1
  1273 | D:2      | Found a shimmering altar of Xom.
  1856 | D:2      | Reached XP level 3. HP: 36/36 MP: 2/2
  2717 | D:3      | Reached XP level 4. HP: 44/44 MP: 3/3
  2801 | D:4      | Found Norgh's Jewellery Shoppe.
  2807 | D:4      | Reached skill level 4 in Unarmed Combat
  3026 | D:4      | Found a staircase to the Ecumenical Temple.
  3028 | D:4      | Upgraded the game from 0.20.0-1-g1cb1d84 to 0.20.0-4-g10b340a
  3057 | Temple   | Entered the Ecumenical Temple
  3180 | D:4      | Reached XP level 5. HP: 50/52 MP: 4/4
  3340 | D:4      | Reached skill level 5 in Unarmed Combat
  3697 | D:4      | Found an iron altar of Okawaru.
  3697 | D:4      | Found a sacrificial altar of Ru.
  3706 | D:4      | Found a stormy altar of Qazlal.
  3710 | D:4      | Found a snail-covered altar of Cheibriados.
  3725 | D:4      | Became a worshipper of Warmaster Okawaru
  3725 | D:4      | Reached * piety under Okawaru
  3725 | D:4      | Reached ** piety under Okawaru
  3914 | D:5      | Entered Level 5 of the Dungeon
  3933 | D:5      | Reached XP level 6. HP: 61/61 MP: 5/5
  3940 | D:5      | Noticed Pikel
  3940 | D:5      | Noticed a slave
  3940 | D:5      | Noticed a slave
  3940 | D:5      | Noticed a slave
  3940 | D:5      | Noticed a slave
  3949 | D:5      | Noticed a sky beast
  3969 | D:5      | Killed a slave
  3971 | D:5      | Killed a slave
  3976 | D:5      | Killed a slave
  3993 | D:5      | Killed Pikel
  3993 | D:5      | Reached *** piety under Okawaru
  3993 | D:5      | Reached skill level 7 in Unarmed Combat
  3993 | D:5      | Reached XP level 7. HP: 31/67 MP: 6/6
  4298 | D:5      | Reached skill level 8 in Unarmed Combat
  4435 | D:5      | Reached XP level 8. HP: 69/74 MP: 7/7
  4474 | D:5      | Reached **** piety under Okawaru
  4762 | D:6      | Reached skill level 9 in Unarmed Combat
  4780 | D:6      | Found a shattered altar of Ashenzari.
  5126 | D:6      | Reached skill level 10 in Unarmed Combat
  5303 | D:6      | Reached XP level 9. HP: 79/82 MP: 8/8
  5451 | D:7      | Reached ***** piety under Okawaru
  5474 | D:7      | Reached skill level 5 in Dodging
  5833 | D:7      | Reached skill level 11 in Unarmed Combat
  5935 | D:7      | Found an opulent altar of Gozag.
  6027 | D:7      | Noticed Menkaure
  6052 | D:7      | Killed Menkaure
  6465 | D:7      | Reached skill level 12 in Unarmed Combat
  6521 | D:7      | Received a gift from Okawaru
  6811 | D:8      | Found a bloodstained altar of Trog.
  7037 | D:8      | Found a shattered altar of Ashenzari.
  7037 | D:8      | Found a hide-covered altar of Uskayaw.
  7069 | D:8      | Reached XP level 10. HP: 90/90 MP: 9/9
  7255 | D:8      | Reached skill level 1 in Shields
  7333 | D:8      | Found a glowing silver altar of Zin.
  7469 | D:8      | Slain by an unseen horror

Skill      XL: |  1  2  3  4  5  6  7  8  9 10 |
---------------+-------------------------------+-----
Dodging        | 3 4 5 |  5.7
Unarmed Combat | 4 5 7 8 10 12 | 12.5
Fighting       | 3 4 |  4.1
Shields        | 1 |  1.2
Stealth        | |  1.1

Action                   |  1- 3 |  4- 6 |  7- 9 | 10-12 || total
-------------------------+-------+-------+-------+-------++-------
Melee: Unarmed           |   114 |   100 |   279 |    30 ||   523
       Punch             |     1 |       |    11 |       ||    12
  Use: Scroll            |     4 |     2 |     6 |     1 ||    13
       Potion            |     2 |     1 |       |       ||     3
 Stab: Sleeping          |     4 |     2 |     9 |     3 ||    18
       Distracted        |       |       |     1 |       ||     1
  Eat: Chunk             |    18 |    14 |    29 |     6 ||    67
       Bread ration      |     2 |       |       |       ||     2
Armor: Robe              |    33 |    20 |    41 |     8 ||   102
Dodge: Dodged            |    54 |    43 |    88 |     3 ||   188
Block: Large shield      |       |       |    21 |    14 ||    35
